 Dungeon Crawl Stone Soup version 0.28-a0-1638-g9123634e07 (webtiles) character file.

Game seed: 10996163971812128392

522 kae the Insei (level 7, -12/56 HPs)
             Began as a Red Draconian Transmuter on Jan 25, 2022.
             Mangled by an orc (20 damage)
             ... on level 4 of the Dungeon.
             The game lasted 00:03:07 (5444 turns).

kae the Insei (Red Draconian Transmuter)            Turns: 5444, Time: 00:03:07

Health: -12/56     AC:  6    Str: 12    XL:     7   Next: 2%
Magic:  8/11       EV: 12    Int: 15    God:
Gold:   786        SH:  0    Dex: 12    Spells: 4/12 levels left

rFire   + . .      SeeInvis .     - Unarmed
rCold   . . .      Faith    .   (no shield)
rNeg    . . .      Spirit   .   (armour unavailable)
rPois   .          Reflect  .   (helmet currently unavailable)
rElec   .          Harm     .   (no cloak)
rCorr   .          Rampage  .   (no gloves)
Will    .....                   (boots currently unavailable)
Stlth   +.........              (no amulet)
HPRegen 0.18/turn               (no ring)
MPRegen 0.12/turn               (no ring)

@: appendages
A: horns 2, talons 2, breathe fire, AC +6, unfitting armour, fire resistance 1,
cold-blooded
a: Breathe Fire, End Transformation


You were on level 4 of the Dungeon.
You had temporarily grown beastly horns and talons.
You visited 1 branch of the dungeon, and saw 4 of its levels.

You collected 786 gold pieces.

Inventory:

Wands
 d - a wand of iceblast (11)
 i - a wand of mindburst (19)
Potions
 a - 2 potions of berserk rage
 b - a potion of attraction
 c - a potion of brilliance
 e - a potion of lignification
 f - a potion of flight
 g - a potion of heal wounds {unknown}
 h - a potion of curing {unknown}


   Skills:
 + Level 2.7 Fighting
 + Level 2.8 Dodging
 * Level 4.7 Unarmed Combat
 + Level 3.0 Spellcasting
 * Level 4.0 Transmutations
 * Level 1.1 Ice Magic
 - Level 2.0 Poison Magic


You had 4 spell levels left.
You knew the following spells:

 Your Spells              Type           Power      Damage    Failure   Level
a - Beastly Appendage     Tmut           28%        N/A       3%          1
b - Spider Form           Tmut/Pois      11%        N/A       17%         3
c - Ice Form              Ice/Tmut       10%        N/A       56%         4

Your spell library contained the following spells:

 Spells                   Type           Power      Damage    Failure   Level
 Wereblood                Tmut           14%        N/A       5%          2
 Sting                    Tmut/Pois      44%        1d5       6%          1
 Poisonous Vapours        Pois/Air       10%        N/A       21%         2
 Olgreb's Toxic Radiance  Pois           8%         N/A       65%         4


Dungeon Overview and Level Annotations

Branches:
Dungeon (4/15)             Temple (0/1) D:4

Altars:
Dithmenos
Ru


Innate Abilities, Weirdness & Mutations

You have temporarily grown beastly horns and talons.
You can breathe blasts of fire.
Your fiery red scales are hard. (AC +6)
You cannot fit into any form of body armour.
Your flesh is heat resistant. (rF+)
You are cold-blooded and may be slowed by cold attacks.


Message History

Your scales start taking on a fiery red colour.
You learn Fire Magic much quicker.
You learn Ice Magic much slower.
You can breathe blasts of fire.
You feel resistant to heat.
You barely miss the orc.
Your transformation has ended.
The orc barely misses you.
You closely miss the orc. The orc hits you but does no damage.
You are electrocuted!
You barely miss the orc. You tail-slap the orc.
The orc is moderately wounded.
The orc hits you with a +1 short sword of electrocution.
You hit the orc but do no damage.
The orc is moderately wounded.
An orc is nearby!
An orc is nearby!
You hit the orc.
The orc is heavily wounded.
The orc hits you but does no damage.
You are electrocuted!
You are too injured to fight recklessly!
An orc is nearby!
You are too injured to fight recklessly!
You are too injured to fight recklessly!
An orc is nearby!
An orc is nearby!
You are too injured to fight recklessly!
You are too injured to fight recklessly!
An orc is nearby!
You are too injured to fight recklessly!
You are too injured to fight recklessly!
Casting: Spider Form (dangerous; 17% risk of failure)
Confirm with . or Enter, or press ? or * to list all spells.
You grow a pair of large bovine horns.
Your feet morph into talons.
The orc hits you with a +1 short sword of electrocution.
You are electrocuted!!
* * * LOW HITPOINT WARNING * * *
The orc hits you with a +1 short sword of electrocution.
* * * LOW HITPOINT WARNING * * *
You are electrocuted!!
You die...

#.##### ###### #.#
.# #.# .. #.# .#
#.# ##. #.# #$. .#
#.# ##.##.#. #o#
........ #@#
.)....# #)# #######
#.# #
###########$#####.#
#
#........##...)...#
8#
#.######.##..######
.# #.# #.##..#####
.8 #.# #.........#
.## #.# ####..###.#


You could see an orc.

Vanquished Creatures
  Grinder (D:4)
  A black bear (D:3)
  2 orc priests (D:4)
  3 gnolls
  5 adders
  A worm (D:4)
  3 dart slugs
  16 orcs
  4 ball pythons
  6 bats
  9 endoplasms
  5 giant cockroaches
  9 goblins
  2 hobgoblins
  6 jackals
  2 quokkas
  2 frilled lizards
  6 kobolds
83 creatures vanquished.

Notes
Turn   | Place    | Note
-------+----------+-------------------------------------------
     0 | D:1      | kae the Draconian Transmuter began the quest for the Orb.
     0 | D:1      | Reached XP level 1. HP: 16/16 MP: 3/3
   189 | D:1      | Reached XP level 2. HP: 17/23 MP: 3/5
   566 | D:1      | Found a faded altar of an unknown god.
  1259 | D:2      | Reached XP level 3. HP: 23/28 MP: 4/6
  1265 | D:2      | Learned a level 3 spell: Spider Form
  2661 | D:3      | Reached XP level 4. HP: 27/35 MP: 5/7
  2804 | D:3      | Reached skill level 1 in Poison Magic
  2836 | D:3      | Identified the +6 mace of Experimentation {vorpal, rN+
                  | Str+2}
  3018 | D:3      | Noticed a black bear
  3030 | D:3      | Killed a black bear
  3031 | D:3      | Reached XP level 5. HP: 29/41 MP: 4/8
  3178 | D:3      | Found a shadowy altar of Dithmenos.
  4574 | D:3      | Found a shadowy altar of Dithmenos.
  4860 | D:4      | Identified a scroll of acquirement
  4860 | D:4      | Acquired 705 gold pieces
  4882 | D:4      | Reached XP level 6. HP: 38/48 MP: 3/10
  5043 | D:4      | Learned a level 4 spell: Ice Form
  5106 | D:4      | Found a sacrificial altar of Ru.
  5150 | D:4      | Noticed Grinder
  5156 | D:4      | Paralysed by Grinder for 3 turns
  5180 | D:4      | Killed Grinder
  5181 | D:4      | Reached skill level 1 in Ice Magic
  5351 | D:4      | Found a staircase to the Ecumenical Temple.
  5438 | D:4      | Your scales start taking on a fiery red colour.
  5438 | D:4      | Reached XP level 7. HP: 56/56 MP: 8/11
  5438 | D:4      | Gained mutation: Your flesh is heat resistant. (rF+) [Red
                  | Draconian growth]
  5444 | D:4      | Mangled by an orc

Illustrated notes

Levels and vault maps discovered:
D:1:      giann_forest_graveyard, layout_basic,
          shapermc_ecumenical_altar_totnotflames
D:2:      layout_loops_corners, kennysheep_generic_room_14
D:3:      layout_basic, lemuel_tele_altar, hex_medium
D:4:      layout_loops_ring, nicolae_overflow_hidden_temple,
          mainiacjoe_overflow_alcove_1, minmay_temple_entry_junction,
          hangedman_glass_teeth, uniq_grinder

Skill      XL: |  1  2  3  4  5  6 |
---------------+-------------------+-----
Dodging        | 2 |  2.8
Poison Magic   | 1 2 |  2.0
Fighting       | 2 |  2.7
Unarmed Combat | 4 |  4.7
Transmutations | 3 4 |  4.0
Spellcasting   | 3 |  3.0
Ice Magic      | 1 |  1.1

Action                   |  1- 3 |  4- 6 |  7- 9 || total
-------------------------+-------+-------+-------++-------
Melee: Unarmed           |   108 |   110 |     5 ||   223
       Kick              |    17 |    10 |       ||    27
       Headbutt          |    13 |     4 |       ||    17
       Tailslap          |    13 |     4 |     1 ||    18
       Punch             |     3 |     1 |       ||     4
 Cast: Beastly Appendage |    30 |    12 |     1 ||    43
       Spider Form       |     1 |    11 |       ||    12
Evoke: Wand              |       |     1 |       ||     1
  Use: Scroll            |     6 |     5 |       ||    11
 Stab: Sleeping          |     1 |     1 |       ||     2
Armor: Skin              |    49 |    19 |     2 ||    70
Dodge: Dodged            |    79 |    71 |     1 ||   151

Table legend: (Time is in decaauts)
 A = Elapsed time spent in this place.
 B = Non-inter-level travel time spent in this place.
 C = Inter-level travel time spent in this place.
 D = Time resting spent in this place.
 E = Time spent auto-exploring this place.
 F = Levels seen in this place.
 G = Mean time per level.
                   A        B        C        D        E       F      G
               +--------+--------+--------+--------+--------+-----+--------+
         Total |   5432 |   5346 |     86 |      0 |   4674 |   4 | 1358.0 |
       Dungeon |   5432 |   5346 |     86 |      0 |   4674 |   4 | 1358.0 |
               +--------+--------+--------+--------+--------+-----+--------+

Top non-repeatable levels by time:
     D:3: 1998 daAuts
     D:2: 1699 daAuts
     D:1: 1163 daAuts
     D:4: 571 daAuts
